 Dungeon Sprint DCSS version 0.31-a0-18-gea43df2a32 (webtiles) character file.

Game seed: 2980115908393211519

1500 sircluck the Grappler (level 8, -11/93 HPs)
             Began as a Troll Berserker on May 10, 2023.
             Was an Elder of Trog.
             Mangled by a boulder beetle (41 damage)
             ... in the Dungeon (Sprint II: "The Violet Keep of Menkaure").
             The game lasted 00:01:02 (174 turns).

sircluck the Grappler (Troll Berserker)              Turns: 174, Time: 00:01:02

Health: -11/93     AC:  4    Str: 26    XL:     8   Next: 52%
Magic:  7/7        EV: 12    Int:  3    God:    Trog [****..]
Gold:   486        SH:  0    Dex:  9    Spells: 7/7 levels left

rFire   . .          .
                       - Unarmed
rCold   . . .        (no shield)
rNeg    . . .        a - +0 animal skin
rPois   .            (helmet restricted)
rElec   .            (no cloak)
rCorr   .            (gloves unavailable)
SInv    .            (boots unavailable)
Will    .....        (no amulet)
Stlth   +            (no ring)
HPRegen 1.15/turn    (no ring)
MPRegen 0.10/turn

%: no teleportation
@: on berserk cooldown, slowed, very slow
A: large, unfitting armour, claws 3, regeneration 1, shaggy fur 1, tough skin 1,
weak 1
a: Renounce Religion, Berserk, Trog's Hand, Brothers in Arms


You were in the Dungeon.
You worshipped Trog.
Trog was greatly pleased with you.
You visited 1 branch You collected 486 gold pieces.

Inventory:

Armour
 a - a +0 animal skin (worn)
Scrolls
 g - a scroll of blinking
Potions
 b - a potion of curing
 c - a potion of heal wounds
 d - a potion of haste
 e - 2 potions of magic
 f - a potion of berserk rage


   Skills:
 + Level 9.7 Fighting
 + Level 9.0 Dodging
 + Level 12.3 Unarmed Combat


You had 7 spell levels left.
You didn't know any spells.
Your spell library was empty.

Dungeon Overview and Level Annotations

Branches:
Dungeon (1/1)

Altars:

Annotations:
D exclusion: obsidian statue


Innate Abilities, Weirdness & Mutations

You are too large for most types of armour.
You have claws for hands.
Your natural rate of healing is unusually fast.
You are covered in fur. (AC +1)
You have tough skin. (AC +1)
You are weak. (Str -2)


Message History

Your Dodging skill increases to level 9!
Your Unarmed Combat skill increases to level 12!
You have reached level 8!
There is a staircase leading out of the dungeon here.
You feel a strong urge to attack something.
The boulder beetle bites you but does no damage.
There is a broken door, spattered with blood here.
You mangle the boulder beetle!!
The boulder beetle is moderately wounded.
You are no longer berserk.
You are exhausted.
You feel yourself slow down. The boulder beetle bites you!!
You scratch the boulder beetle but do no damage.
You claw the boulder beetle, but do no damage.
The boulder beetle is moderately wounded.
The boulder beetle bites you!
You claw the boulder beetle!
The boulder beetle is moderately wounded.
The boulder beetle bites you!
You scratch the boulder beetle.
The boulder beetle is heavily wounded.
The boulder beetle bites you!!
You claw the boulder beetle!
The boulder beetle is severely wounded.
The boulder beetle leaps!
The boulder beetle curls into a ball and begins rolling!
It's broken and can't be closed.
There is a staircase leading out of the dungeon here.
You scratch the boulder beetle.
The boulder beetle is severely wounded.
The boulder beetle hits you!
* * * LOW HITPOINT WARNING * * *
The boulder beetle stops rolling and uncurls.
You claw the boulder beetle!
The boulder beetle is almost dead.
The boulder beetle leaps!
The boulder beetle curls into a ball and begins rolling!
There is an open door here.
The boulder beetle hits you!!!
You die...

... ##+##
##...##
#..##.#
######.####
##.# #'###.##
#...##○##$..#
#)'.<○B###+
#...##.##@..#
##.###'###.##
## #.†.# ##
#..#..# ##.
.## ## ##


You could see a boulder beetle (rolling).

Vanquished Creatures
  A boulder beetle (D)
  A merfolk siren (D)
  3 neqoxecs (D)
  4 necrophages (D)
9 creatures vanquished.

Vanquished Creatures (others)
  A water moccasin (D)
1 creature vanquished.

Grand Total: 10 creatures vanquished

Notes
Turn   | Place    | Note
-------+----------+-------------------------------------------
     0 | D        | sircluck the Troll Berserker began the quest for the Orb.
     0 | D        | Reached XP level 1. HP: 22/22 MP: 0/0
     1 | D        | Noticed a neqoxec
     1 | D        | Noticed a neqoxec
    10 | D        | Killed a neqoxec
    10 | D        | Noticed a neqoxec
    11 | D        | Reached skill level 5 in Fighting
    11 | D        | Reached skill level 5 in Dodging
    11 | D        | Reached skill level 6 in Unarmed Combat
    11 | D        | Reached XP level 2. HP: 35/35 MP: 1/1
    11 | D        | Reached XP level 3. HP: 42/42 MP: 2/2
    11 | D        | Reached XP level 4. HP: 50/50 MP: 3/3
    15 | D        | Gained mutation: You are weak. (Str -2) [a neqoxec]
    16 | D        | Killed a neqoxec
    17 | D        | Reached skill level 7 in Unarmed Combat
    17 | D        | Reached XP level 5. HP: 61/61 MP: 4/4
    20 | D        | Killed a neqoxec
    20 | D        | Reached ** piety under Trog
    21 | D        | Reached skill level 8 in Unarmed Combat
    21 | D        | Reached XP level 6. HP: 71/71 MP: 5/5
    78 | D        | Noticed an obsidian statue
    91 | D        | Noticed a merfolk siren
    96 | D        | Killed a merfolk siren
    97 | D        | Reached skill level 10 in Unarmed Combat
    97 | D        | Reached XP level 7. HP: 81/81 MP: 6/6
   140 | D        | Reached *** piety under Trog
   149 | D        | Reached skill level 11 in Unarmed Combat
   155 | D        | Noticed a boulder beetle
   155 | D        | Noticed a boulder beetle
   159 | D        | Killed a boulder beetle
   159 | D        | Reached **** piety under Trog
   160 | D        | Reached skill level 12 in Unarmed Combat
   160 | D        | Reached XP level 8. HP: 93/93 MP: 7/7
   174 | D        | Mangled by a boulder beetle

Illustrated notes

Levels and vault maps discovered:
D:        the_violet_keep_of_menkaure [sprint2_stairs_cluster_1,
          sprint2_shoproom, sprint2_temple, sprint2_basic_supplies,
          sprint2_obstacle_2, sprint2_obstacle_1, sprint2_obstacle_3,
          sprint2_obstacle_7, sprint2_obstacle_4, sprint2_timed_cluster_1,
          sprint2_smallroom_cluster_1, sprint2_smallroom_final_cluster_1,
          sprint2_transparent_cluster_1, sprint2_second_timed_cluster_1,
          sprint2_sniper_area_1, sprint2_heavy_combat_area_1,
          sprint2_mutation_trap_area_1, sprint2_forest_area_1,
          sprint2_light_combat_area_1, sprint2_behind_water_1,
          sprint2_near_end_vault_1]

Skill      XL: |  1  2  3  4  5  6  7 |
---------------+----------------------+-----
Fighting       | 5 6 7 8 9 |  9.7
Dodging        | 5 6 7 9 |  9.0
Unarmed Combat | 6 7 8 10 12 | 12.3

Action                     |  1- 3 |  4- 6 |  7- 9 || total
---------------------------+-------+-------+-------++-------
  Melee: Unarmed           |     8 |    10 |    20 ||    38
         Punch             |     1 |     1 |     2 ||     4
 Invoke: Berserk           |     1 |     1 |     1 ||     3
 Armour: Animal skin       |       |     1 |     3 ||     4
  Dodge: Dodged            |       |       |    12 ||    12

Table legend: (Time is in decaauts)
 A = Elapsed time spent in this place.
 B = Non-inter-level travel time spent in this place.
 C = Inter-level travel time spent in this place.
 D = Time resting spent in this place.
 E = Time spent auto-exploring this place.
 F = Levels seen in this place.
 G = Mean time per level.
                   A        B        C        D        E       F      G
               +--------+--------+--------+--------+--------+-----+--------+
         Total |    191 |    184 |      7 |    120 |      1 |   1 |  191.0 |
       Dungeon |    191 |    184 |      7 |    120 |      1 |   1 |  191.0 |
               +--------+--------+--------+--------+--------+-----+--------+

Top non-repeatable levels by time:
       D: 191 daAuts
